 Dungeon Crawl Stone Soup version 0.25.0-11-g1f837a76a1 (webtiles) character file.

Game seed: 1838971874604952934

5042 lun the Cleaver (level 10, -33/135 HPs)
             Began as a Deep Dwarf Fighter on June 26, 2020.
             Was a Believer of Makhleb.
             Killed from afar by a frost giant (41 damage)
             ... with a bolt of cold
             ... on level 10 of the Dungeon.
             The game lasted 00:13:19 (6568 turns).

lun the Cleaver (Deep Dwarf Fighter)                Turns: 6568, Time: 00:13:20

Health: -33/135    AC: 17    Str: 22    XL:     10   Next: 30%
Magic:  6/6        EV:  6    Int: 12    God:    Makhleb [**....]
Gold:   510        SH: 12    Dex: 12    Spells: 9/9 levels left

rFire    . . .     SeeInvis .   a - +0 war axe
rCold    . . .     Gourm    .   c - +1 kite shield
rNeg     . . .     Faith    .   H - +0 plate armour
rPois    +         Spirit   .   (no helmet)
rElec    .         Reflect  .   v - +2 cloak {rPois}
rCorr    .         Harm     .   (no gloves)
MR       +....                  (no boots)
Stlth    ..........             n - amulet of the acrobat
HPRegen  0.00/turn              k - ring of stealth
MPRegen  0.10/turn              w - +4 ring of slaying

@: mighty, berserking, non-regenerating, hasted, very quick
A: damage resistance, heal wounds, rugged brown scales 1, clever 1, sense
surroundings 2, screaming 1, no regeneration
a: Heal Wounds, Minor Destruction, Renounce Religion


You were on level 10 of the Dungeon.
You worshipped Makhleb.
Makhleb was pleased with you.
You were not hungry.

You visited 2 branches of the dungeon, and saw 11 of its levels.

You collected 510 gold pieces.

Inventory:

Hand Weapons
 a - a +0 war axe (weapon)
 r - a +0 flail
 s - a cursed -1 whip
Missiles
 A - 20 stones (quivered)
Armour
 b - a +0 scale mail
 c - a +1 kite shield (worn)
 v - a +2 cloak of poison resistance (worn)
 y - a +0 chain mail
 H - a +0 plate armour (worn)
Jewellery
 k - a ring of stealth (left hand)
 n - an amulet of the acrobat (around neck)
 w - a +4 ring of slaying (right hand)
Wands
 t - a wand of random effects (15)
 x - a wand of flame (30)
 B - a wand of disintegration (17)
 C - a wand of acid (13)
Scrolls
 h - 5 scrolls of teleportation
 i - a scroll of random uselessness
 l - 5 scrolls of identify
 m - 2 scrolls of enchant armour
 o - 2 scrolls of remove curse
 p - 2 scrolls of blinking
 q - 3 scrolls of amnesia
Potions
 j - 4 potions of mutation
 u - a potion of heal wounds
 z - a potion of cancellation
 D - a potion of resistance
Comestibles
 f - 13 rations
 g - 5 chunks of flesh


   Skills:
 + Level 5.1 Fighting
 * Level 12.6 Axes
 + Level 6.8 Armour
 + Level 2.6 Dodging
 - Level 3.0 Stealth
 + Level 6.8 Shields


You had 9 spell levels left.
You didn't know any spells.
Your spell library contained the following spells:

 Spells                   Type           Power        Failure   Level  Hunger
 Freeze                   Ice            #...         100%        1    ##.....
 Infusion                 Chrm           #...         100%        1    ##.....
 Magic Dart               Conj           #...         100%        1    ##.....
 Blink                    Tloc           N/A          100%        2    ###....
 Call Imp                 Summ           #.......     100%        2    ###....
 Poisonous Vapours        Pois/Air       #.....       100%        2    ###....
 Shroud of Golubria       Chrm/Tloc      #.....       100%        2    ###....
 Slow                     Hex            #.......     100%        2    ###....
 Song of Slaying          Chrm           #.......     100%        2    ###....
 Confusing Touch          Hex            #.......     100%        3    ####...
 Conjure Flame            Conj/Fire      #.......     100%        3    ####...
 Frozen Ramparts          Ice            #.....       100%        3    ####...
 Gell's Gravitas          Tloc           #.........   100%        3    ####...
 Mephitic Cloud           Conj/Pois/Air  #.......     100%        3    ####...
 Ozocubu's Armour         Chrm/Ice       #.......     100%        3    ####...
 Spectral Weapon          Hex/Chrm       #.......     100%        3    ####...
 Hailstorm                Conj/Ice       #.......     100%        4    #####..
 Petrify                  Tmut/Erth      #.......     100%        4    #####..
 Summon Ice Beast         Ice/Summ       #.......     100%        4    #####..
 Metabolic Englaciation   Hex/Ice        #.........   100%        5    ######.
 Yara's Violent Unravell  Hex/Tmut       #.........   100%        5    ######.
 Freezing Cloud           Conj/Ice/Air   #.........   100%        6    #######
 Ring of Flames           Chrm/Fire      #.........   100%        7    #######


Dungeon Overview and Level Annotations

Branches:
Dungeon (10/15)            Temple (1/1) D:7            Lair (0/6) D:9
    Orc (0/2) D:9

Altars:
Ashenzari
Cheibriados
Dithmenos
Elyvilon
Fedhas
Gozag
Hepliaklqana
Kikubaaqudgha
Makhleb
Okawaru
Qazlal
Ru
Sif Muna
Trog
Uskayaw
Vehumet
Xom
Zin
The Shining One

Shops:
D:6 (

Annotations:
D:4 3 runed translucent doors, Ge0ff's ghost, amateur HaIE
D:10 Seghaw's ghost, journeyman GrFi


Innate Abilities, Weirdness & Mutations

You are resistant to damage.
You can heal yourself by infusing magical energy.
You passively map the area around you.
You do not regenerate.
You are partially covered in rugged brown scales. (AC +1, +3% HP)
Your mind is acute. (Int +2)
You occasionally shout uncontrollably at your foes.


Message History

Seghaw's ghost hits you but does no damage.
You slash the frost giant!
The frost giant is severely wounded.
You closely miss the tengu warrior. You slash Seghaw's ghost!
You block the frost giant's attack.
The tengu warrior hits you with a +2 broad axe.
You block the tengu warrior's attack.
The tengu warrior claws you but does no damage.
You slash the frost giant!
The frost giant is severely wounded.
You hit Seghaw's ghost. The tengu warrior blocks your attack.
Seghaw's ghost hits you.
* * * LOW HITPOINT WARNING * * *
Unknown command.
You slash the frost giant!
The frost giant is almost dead.
You closely miss the tengu warrior. You hit Seghaw's ghost.
The frost giant casts a spell at you. The bolt of cold hits you!!!
You die...

, * ##.# ##..##* * ,
#..# ####...... * ,
######.####......... ,
,#....................
, #.#########..........
,
**,#.......#..........,
#..###..#..........**
,**
.#.?###.oQ..........* *
#.#.}....SC@......... ,
#.#.?###..W..........*
, #..#.......... *
.....#.......... , *
#######......... ,....
........<. * , *
**...,,,..........* *
.., ,........... , ,,
,,, * , ,


You could see a frost giant, a tengu warrior, an orc warrior, Seghaw's ghost and
an adder.

Vanquished Creatures
  A wolf spider zombie (D:9)
  A wyvern (D:10)
  A hungry ghost (D:7)
  A water moccasin (D:7)
  2 black bears (D:7)
  An orc warrior (D:9)
  A phantom (D:9)
  4 ice beasts
  A necrophage (D:8)
  2 sky beasts
  2 ogres
  5 centaurs
  Blork the orc (D:4)
  A big kobold (D:7)
  4 bullfrogs
  A scorpion (D:8)
  A water moccasin skeleton (D:6)
  11 killer bees (D:7)
  8 howler monkeys
  2 crimson imps
  2 bullfrog zombies (D:6)
  A quasit (D:7)
  4 hounds
  9 orc priests
  3 centaur skeletons
  Ijyb (D:4)
  4 iguanas
  4 orc wizards
  11 worker ants
  2 killer bee zombies
  A hound zombie (D:6)
  A hound skeleton (D:7)
  A howler monkey skeleton (D:9)
  3 gnolls (D:6)
  8 adders
  A shadow imp (D:9)
  3 adder skeletons
  3 worms
  2 dart slugs
  8 leopard geckos
  16 orcs
  2 ball pythons
  4 giant cockroaches
  2 hobgoblins
  4 jackals (D:7)
  17 kobolds
  4 quokkas
  8 bats
  3 frilled lizards (D:2)
  5 goblins
  A jackal zombie (D:8)
  4 rats (D:2)
193 creatures vanquished.

Notes
Turn   | Place    | Note
-------+----------+-------------------------------------------
     0 | D:1      | lun the Deep Dwarf Fighter began the quest for the Orb.
     0 | D:1      | Reached XP level 1. HP: 20/20 MP: 1/1
   130 | D:1      | Reached XP level 2. HP: 18/27 MP: 2/2
   829 | D:2      | Reached skill level 3 in Axes
   927 | D:2      | Reached XP level 3. HP: 33/33 MP: 3/3
  1576 | D:3      | Reached XP level 4. HP: 38/42 MP: 4/4
  1859 | D:3      | Found a blossoming altar of Fedhas.
  2031 | D:4      | Noticed Ijyb
  2037 | D:4      | Killed Ijyb
  2037 | D:4      | Reached skill level 4 in Axes
  2060 | D:4      | Noticed Blork the orc
  2067 | D:4      | Killed Blork the orc
  2067 | D:4      | Reached skill level 5 in Axes
  2067 | D:4      | Reached XP level 5. HP: 34/49 MP: 5/5
  2204 | D:4      | Found a runed translucent gate.
  2204 | D:4      | Found a runed translucent gate.
  2205 | D:4      | Found a runed translucent gate.
  2209 | D:4      | Noticed Ge0ff's ghost (amateur HaIE)
  2362 | D:4      | Reached skill level 1 in Dodging
  2414 | D:4      | Reached XP level 6. HP: 31/56 MP: 6/6
  2613 | D:5      | Entered Level 5 of the Dungeon
  2675 | D:5      | Reached skill level 6 in Axes
  3194 | D:5      | Reached XP level 7. HP: 38/63 MP: 7/7
  3283 | D:6      | Found a radiant altar of Vehumet.
  3339 | D:6      | Found Jirgh's Weapon Emporium.
  3344 | D:6      | Reached skill level 7 in Axes
  3613 | D:6      | Reached skill level 8 in Axes
  3692 | D:6      | Reached XP level 8. HP: 34/72 MP: 7/7
  4105 | D:7      | Reached skill level 9 in Axes
  4165 | D:7      | Reached skill level 5 in Shields
  4253 | D:7      | Reached skill level 10 in Axes
  4263 | D:7      | Found a staircase to the Ecumenical Temple.
  4272 | Temple   | Entered the Ecumenical Temple
  4300 | Temple   | Became a worshipper of Makhleb the Destroyer
  4365 | D:7      | Reached skill level 5 in Armour
  4439 | D:7      | Found a bloodstained altar of Trog.
  4456 | D:7      | Gained mutation: You passively map the area around you.
                  | [Deep Dwarf growth]
  4456 | D:7      | Reached XP level 9. HP: 44/79 MP: 6/6
  4571 | D:7      | Gained mutation: You are partially covered in rugged brown
                  | scales. (AC +1, +3% HP) [potion of mutation]
  4571 | D:7      | Gained mutation: You occasionally shout uncontrollably at
                  | your foes. [potion of mutation]
  4571 | D:7      | Gained mutation: Your mind is acute. (Int +2) [potion of
                  | mutation]
  4670 | D:7      | Reached skill level 1 in Stealth
  4846 | D:7      | Reached skill level 11 in Axes
  4939 | D:7      | Reached * piety under Makhleb
  5812 | D:9      | Reached skill level 12 in Axes
  5844 | D:9      | Reached XP level 10. HP: 84/89 MP: 6/6
  5845 | D:9      | Reached ** piety under Makhleb
  5944 | D:9      | Reached skill level 5 in Fighting
  5950 | D:9      | Identified the +7 great sword of the Undead {chaos, rElec
                  | MP+9 Dex-3 Stlth+} (You found it on level 9 of the Dungeon)
  6055 | D:9      | Found a staircase to the Lair.
  6212 | D:9      | Found a staircase to the Orcish Mines.
  6508 | D:10     | Entered Level 10 of the Dungeon
  6540 | D:10     | Noticed a tengu warrior
  6541 | D:10     | Found a runed translucent gate.
  6542 | D:10     | Noticed Seghaw's ghost (journeyman GrFi)
  6545 | D:10     | Found a runed translucent gate.
  6545 | D:10     | Found a runed translucent gate.
  6546 | D:10     | Noticed a frost giant
  6568 | D:10     | Killed from afar by a frost giant

Illustrated notes

Levels and vault maps discovered:
D:1:      roderic_chinese_lattice_arrival, layout_basic
D:2:      layout_basic, first_ration
D:3:      layout_basic, fedhas_altar_1
D:4:      layout_basic, gammafunk_ghost_necromancy, uniq_sigmund, uniq_ijyb,
          uniq_blork_the_orc
D:5:      layout_layer_cave, grunt_decor_arrowhead
D:6:      layout_loops_ring, serial_shops, shop, basic_altar
D:7:      layout_gridville, trog_ov_bears_minmay,
          minmay_temple_entry_drinking_statues
D:8:      layout_cave_pods, serial_bayou_pond_d, small_statue_intersection
D:9:      layout_irregular_city, dpeg_oklobed_lair, orc_0_dummy
D:10:     layout_cave_pods, gammafunk_ghost_split, hangedman_ranch
          [blue_anna_fruit_fields]
Temple:   grunt_wide_crystal_templ

Skill      XL: |  1  2  3  4  5  6  7  8  9 10 |
---------------+-------------------------------+-----
Axes           | 3 5 6 8 10 12 | 12.6
Fighting       | 3 4 5 |  5.1
Shields        | 4 5 6 |  6.8
Dodging        | 1 2 |  2.6
Armour         | 4 5 6 |  6.8
Stealth        | 3 |  3.0

Action                   |  1- 3 |  4- 6 |  7- 9 | 10-12 || total
-------------------------+-------+-------+-------+-------++-------
Melee: War axe           |   144 |   154 |   463 |    94 ||   855
 Abil: Heal Wounds       |     1 |     1 |    18 |       ||    20
  Use: Scroll            |       |       |    11 |     2 ||    13
       Potion            |       |       |     8 |     3 ||    11
 Stab: Invisible         |       |       |     8 |       ||     8
  Eat: Chunk             |     2 |     6 |    13 |     3 ||    24
Armor: Scale mail        |    56 |    20 |       |       ||    76
       Chain mail        |       |    44 |   105 |       ||   149
       Plate armour      |       |       |   266 |    40 ||   306
       Skin              |       |       |    19 |       ||    19
Dodge: Dodged            |    48 |    44 |   150 |    20 ||   262
Block: Kite shield       |    79 |    84 |   349 |    54 ||   566
